 Dungeon Crawl Stone Soup version 0.31-a0-167-g1c394c0614 (webtiles) character file.

Game seed: 17497514103087042632

2867 qw the Cleaver (level 9, -7/57 HPs)
             Began as a Gargoyle Fighter on June 14, 2023.
             Was an Initiate of Okawaru.
             Mangled by a boulder beetle (9 damage)
             ... on level 7 of the Dungeon.
             The game lasted 00:03:08 (7029 turns).

qw the Cleaver (Gargoyle Fighter)                   Turns: 7029, Time: 00:03:09

Health: -7/57      AC: 25    Str: 25    XL:     9   Next: 75%
Magic:  12/12      EV:  9    Int:  8    God:    Okawaru [......]
Gold:   473        SH:  5    Dex:  9    Spells: 8/8 levels left

rFire   . . .        Y - +1 war axe
rCold   . . .        c - +0 buckler
rNeg    + . .        i - +0 plate armour
rPois   inf          f - +0 helmet
rElec   +            e - +0 cloak
rCorr   .            g - +0 pair of gloves
SInv    .            (no boots)
Will    .....        (no amulet) Stlth
                     (no ring)
HPRegen 0.29/turn    (no ring)
MPRegen 0.13/turn

%: no passive effects
@: about to teleport, heroic
A: sickness immunity, AC +6, negative energy resistance 1, electricity
resistance, torment resistance 1, petrification resistance
a: Renounce Religion


You were on level 7 of the Dungeon.
You worshipped Okawaru.
Okawaru was noncommittal.
You visited 2 branches of the dungeon, and saw 8 of its levels.

You collected 473 gold pieces.


Innate Abilities, Weirdness & Mutations

You are immune to sickness and miasma.
Your stone body is resilient. (AC +6)
You are immune to poison.
You resist negative energy. (rN+)
You are resistant to electric shocks. (rElec)
You are resistant to unholy torment.
You are immune to petrification.


   Skills:
 - Level 7.0(12.0) Fighting
 + Level 9.0(14.0) Axes
 - Level 1.4(6.4) Throwing
 - Level 6.0(11.0) Armour
 - Level 1.2(6.2) Dodging
 - Level 4.0(9.0) Shields
 - Level 4.0 Invocations


You had 8 spell levels left.
You didn't know any spells.
Your spell library was empty.

Inventory:

Hand Weapons
 p - a +2 flail of protection
 Y - a +1 war axe (weapon)
Missiles
 h - a boomerang (quivered)
Armour
 c - a +0 buckler (worn)
 e - a +0 cloak (worn)
 f - a +0 helmet (worn)
 g - a +0 pair of gloves (worn)
 i - a +0 plate armour (worn)
 n - the +1 plate armour of Conscience {rElec}
   (You found it on level 7 of the Dungeon)

   rElec:     It insulates you from electricity.
Jewellery
 l - an amulet of magic regeneration
Scrolls
 a - 5 scrolls of identify
 j - 4 scrolls of teleportation
 q - a scroll of acquirement {unknown}
Potions
 b - 3 potions of curing
 d - 2 potions of might
 k - 2 potions of haste
 m - a potion of resistance
 o - a potion of mutation

Dungeon Overview and Level Annotations

Branches:
Dungeon (7/15)             Temple (1/1) D:4

Altars:
Ashenzari
Cheibriados
Dithmenos
Elyvilon
Fedhas
Gozag
Hepliaklqana
Kikubaaqudgha
Makhleb
Okawaru
Qazlal
Sif Muna
Trog
Uskayaw
Vehumet
Wu Jian
Xom
Yredelemnul
Zin

Shops:
D:4 (

Annotations:
D:4 3 runed translucent doors, qw's ghost, amateur GrFi


Message History

You closely miss the gnoll.
The gnoll is heavily wounded.
You closely miss the gnoll.
The gnoll is heavily wounded.
The gnoll hits you but does no damage.
You closely miss the gnoll.
The gnoll is heavily wounded.
The gnoll hits you but does no damage.
You hit the gnoll but do no damage.
The gnoll is heavily wounded.
The gnoll hits you with a +0 flail.
You slash the gnoll!
You kill the gnoll!
Okawaru accepts your kill.
You barely miss the hound. The hound bites you.
The hound bites you but does no damage.
You slice the hound!!
The hound is almost dead.
The boulder beetle curls into a ball and begins rolling!
The hound bites you but does no damage.
You hit the hound but do no damage.
The hound is almost dead.
The hound bites you but does no damage.
You miss the hound.
The hound is almost dead.
The hound bites you.
You completely miss the hound.
The hound is almost dead.
The hound bites you but does no damage. The hound closely misses you.
You barely miss the hound.
The hound is almost dead.
You block the hound's attack. The boulder beetle hits you!!
Ouch! That really hurt!
The boulder beetle stops rolling and uncurls.
7029 ||| READING 5 scrolls of teleportation.
As you read the scroll of teleportation, it crumbles to dust.
You feel strangely unstable.
The hound pauses to sniff the ground.
You block the hound's attack. The boulder beetle bites you!
You die...

#...#...#.....##
...##...#......#.#
...##...#......#.#
........#......#.#
........#....#.#.#
........#.....##.##
...##...#...###.{.
...##...#.....##h#
...#....'..<.#.#@#
...#....#......B#.....#
...#....#.....0.#.....#
...##...#....0........#
...##...#....0.#......#
........#......#......#
........#......#......#
........#......#......#
........+......#......


You could see a boulder beetle and a hound.

Vanquished Creatures
  3 water moccasins
  Duvessa (D:4)
  An ice beast (D:4)
  A sky beast (D:6)
  An orc warrior (D:6)
  2 black bears
  4 ogres
  A centaur (D:5)
  A phantom (D:5)
  A kobold brigand (D:6)
  3 bullfrogs
  3 scorpions
  4 wights (D:7)
  Dowan (D:4)
  A howler monkey (D:6)
  2 hounds
  3 jellies
  2 gnoll boudas (D:6)
  3 orc priests
  Ijyb (D:4)
  3 iguanas
  6 orc wizards
  5 adders
  8 gnolls
  A shadow imp (D:7)
  2 ufetubi
  2 worms
  2 dart slugs
  17 orcs
  7 ball pythons
  2 bats
  6 endoplasms
  3 giant cockroaches
  8 goblins
  7 hobgoblins
  A kobold (D:4)
  5 quokkas
  4 frilled lizards
  2 rats
130 creatures vanquished.

Notes
Turn   | Place    | Note
-------+----------+-------------------------------------------
     0 | D:1      | qw the Gargoyle Fighter began the quest for the Orb.
     0 | D:1      | Reached XP level 1. HP: 14/14 MP: 1/1
     0 | D:1      | 0 ||| qw: Version: 0.2-a-29-g1fa15c8
     0 | D:1      | 0 ||| qw: Game counter: 4945
     0 | D:1      | 0 ||| qw: Always use a shield: true
     0 | D:1      | 0 ||| qw: God list: Okawaru
     0 | D:1      | 0 ||| qw: Allow faded altars: false
     0 | D:1      | 0 ||| qw: Do Orc after D:15 true
     0 | D:1      | 0 ||| qw: Do second Lair branch before Depths: true
     0 | D:1      | 0 ||| qw: Lair rune preference: random
     0 | D:1      | 0 ||| qw: Plans: Normal, Zot:1-4, Slime:5, God:TSO, Crypt,
                  | Tomb, Abyss, Pan, Hells, Win
     0 | D:1      | 0 ||| PLANNING D:1-11
    47 | D:1      | Reached skill level 2 in Axes
   163 | D:1      | Reached XP level 2. HP: 19/19 MP: 2/2
   368 | D:1      | 368 ||| UPGRADING to +0 pair of gloves.
   373 | D:1      | 373 ||| READING 3 scrolls labelled NACKOE IRCHO.
   374 | D:1      | 374 ||| READING scroll labelled ZETIXE KUHOE.
   475 | D:1      | 475 ||| READING scroll labelled KUM KYISHROETHA.
   476 | D:1      | 476 ||| READING 2 scrolls of identify.
   476 | D:1      | 476 ||| IDENTIFYING black potion
   583 | D:2      | Found a faded altar of an unknown god.
   646 | D:2      | 646 ||| Stepping ~*~*~tactically~*~*~ (hiding).
   842 | D:2      | Reached skill level 3 in Axes
  1003 | D:2      | Reached XP level 3. HP: 23/23 MP: 3/3
  1393 | D:2      | 1393 ||| DROPPING scarf of shadows.
  1394 | D:2      | 1394 ||| READING 2 scrolls labelled FIFAUQOEBU.
  1398 | D:2      | 1398 ||| READING 2 scrolls of identify.
  1398 | D:2      | 1398 ||| IDENTIFYING puce potion
  1669 | D:3      | 1669 ||| Stepping ~*~*~tactically~*~*~ (stealth).
  2022 | D:3      | 2022 ||| DRINKING 4 potions of curing.
  2022 | D:3      | 2022 ||| (to cure confusion)
  2023 | D:3      | 2023 ||| DRINKING 3 potions of curing.
  2023 | D:3      | 2023 ||| (to cure confusion)
  2040 | D:3      | 2040 ||| FLEEEEING.
  2041 | D:3      | 2041 ||| FLEEEEING.
  2042 | D:3      | 2042 ||| FLEEEEING.
  2043 | D:3      | 2043 ||| FLEEEEING.
  2044 | D:3      | 2044 ||| FLEEEEING.
  2045 | D:3      | 2045 ||| FLEEEEING.
  2046 | D:3      | 2046 ||| FLEEEEING.
  2056 | D:3      | 2056 ||| FLEEEEING.
  2057 | D:3      | 2057 ||| FLEEEEING.
  2058 | D:3      | 2058 ||| FLEEEEING.
  2059 | D:3      | 2059 ||| FLEEEEING.
  2060 | D:3      | 2060 ||| FLEEEEING.
  2061 | D:3      | 2061 ||| FLEEEEING.
  2062 | D:3      | 2062 ||| FLEEEEING.
  2063 | D:3      | 2063 ||| FLEEEEING.
  2064 | D:3      | 2064 ||| DRINKING 2 potions of curing.
  2064 | D:3      | 2064 ||| (to cure confusion)
  2070 | D:3      | 2070 ||| FLEEEEING.
  2073 | D:3      | 2073 ||| DRINKING potion of curing.
  2073 | D:3      | 2073 ||| (to cure confusion)
  2075 | D:3      | Reached skill level 4 in Axes
  2075 | D:3      | Reached XP level 4. HP: 28/28 MP: 4/4
  2086 | D:3      | 2086 ||| DROPPING +0 whip.
  2379 | D:3      | 2379 ||| UPGRADING to +0 chain mail.
  2389 | D:3      | 2389 ||| DROPPING +0 scale mail.
  2390 | D:3      | 2390 ||| READING scroll labelled TAITHR XEUHEV.
  2391 | D:3      | 2391 ||| READING 3 scrolls labelled ABESCH RACOCO.
  2392 | D:3      | 2392 ||| READING scroll labelled LEFIMU KOX BIPT.
  2393 | D:3      | 2393 ||| READING scroll labelled WIUVICK LOOCZE.
  2394 | D:3      | 2394 ||| READING 4 scrolls of identify.
  2394 | D:3      | 2394 ||| IDENTIFYING smoky cyan potion
  2395 | D:3      | 2395 ||| DROPPING 2 scrolls of immolation.
  2437 | D:4      | Noticed a black bear
  2443 | D:4      | 2443 ||| STAIRDANCE
  2446 | D:3      | Killed a black bear
  2447 | D:3      | Reached skill level 5 in Axes
  2447 | D:3      | Reached XP level 5. HP: 23/32 MP: 5/5
  2483 | D:4      | 2483 ||| STAIRDANCE
  2510 | D:4      | Found Mezash's Weapon Shoppe.
  2513 | D:4      | Noticed Duvessa
  2519 | D:4      | Noticed Dowan
  2526 | D:4      | Killed Duvessa
  2527 | D:4      | Reached XP level 6. HP: 18/39 MP: 6/6
  2527 | D:4      | 2527 ||| Stepping ~*~*~tactically~*~*~ (hiding).
  2535 | D:4      | HP: 9/39 [Dowan/+0 dagger (4)]
  2536 | D:4      | 2536 ||| READING 4 scrolls of teleportation.
  2539 | D:4      | Killed Dowan
  2670 | D:4      | Found a shimmering blue altar of Sif Muna.
  2738 | D:4      | 2738 ||| FLEEEEING.
  2739 | D:4      | 2739 ||| FLEEEEING.
  2740 | D:4      | 2740 ||| FLEEEEING.
  2747 | D:4      | 2747 ||| STAIRDANCE
  2844 | D:4      | 2844 ||| SHOPLISTING +10 morningstar "Naxken" {freeze,
                  | *Noise rF++} (782 gold, have 147).
  2895 | D:4      | Reached skill level 6 in Axes
  2895 | D:4      | Reached XP level 7. HP: 44/44 MP: 7/7
  2919 | D:4      | Found a runed translucent gate.
  2919 | D:4      | Found a runed translucent gate.
  2920 | D:4      | Found a runed translucent gate.
  2929 | D:4      | Reached skill level 1 in Dodging
  2946 | D:4      | Noticed qw's ghost (amateur GrFi)
  3090 | D:4      | Found a staircase to the Ecumenical Temple.
  3091 | D:4      | 3091 ||| PLANNING TEMPLE
  3109 | Temple   | Entered the Ecumenical Temple
  3110 | Temple   | 3110 ||| PLANNING OKAWARU WORSHIP
  3244 | Temple   | Became a worshipper of Warmaster Okawaru
  3245 | Temple   | 3245 ||| PLANNING D:1-11
  3672 | D:4      | Noticed Ijyb
  3680 | D:4      | Killed Ijyb
  3791 | D:4      | 3791 ||| UPGRADING to +0 helmet.
  3807 | D:5      | Entered Level 5 of the Dungeon
  3816 | D:5      | Reached skill level 7 in Axes
  3838 | D:5      | Reached XP level 8. HP: 46/49 MP: 8/8
  3998 | D:5      | Reached skill level 8 in Axes
  4339 | D:5      | 4339 ||| Stepping ~*~*~tactically~*~*~ (stealth).
  4349 | D:5      | 4349 ||| DRINKING 3 potions of curing.
  4349 | D:5      | 4349 ||| (to cure confusion)
  4374 | D:5      | 4374 ||| DROPPING +0 flail.
  4492 | D:5      | Reached * piety under Okawaru
  4551 | D:5      | 4551 ||| INVOKING Heroism.
  4560 | D:5      | Reached skill level 6 in Fighting
  4577 | D:5      | 4577 ||| Stepping ~*~*~tactically~*~*~ (stealth).
  4906 | D:5      | 4906 ||| READING scroll labelled WUVVOO YDOUM.
  4907 | D:5      | 4907 ||| READING scroll labelled RUDAYX SUEFYI.
  4908 | D:5      | 4908 ||| DRINKING 2 fuming coppery potions.
  4909 | D:5      | 4909 ||| READING 5 scrolls of identify.
  4909 | D:5      | 4909 ||| IDENTIFYING clear potion
  4910 | D:5      | 4910 ||| READING 4 scrolls of identify.
  4910 | D:5      | 4910 ||| IDENTIFYING grey potion
  4911 | D:5      | 4911 ||| DROPPING potion of brilliance.
  4912 | D:5      | 4912 ||| DROPPING potion of enlightenment.
  5074 | D:6      | Reached skill level 1 in Invocations
  5341 | D:6      | 5341 ||| Stepping ~*~*~tactically~*~*~ (stealth).
  5344 | D:6      | 5344 ||| INVOKING Heroism.
  5365 | D:6      | 5365 ||| INVOKING Heroism.
  5369 | D:6      | Reached skill level 3 in Invocations
  5369 | D:6      | Reached XP level 9. HP: 23/55 MP: 7/11
  5451 | D:6      | 5451 ||| FLEEEEING.
  5454 | D:6      | 5454 ||| FLEEEEING.
  5455 | D:6      | 5455 ||| FLEEEEING.
  5462 | D:6      | 5462 ||| INVOKING Heroism.
  5546 | D:6      | 5546 ||| UPGRADING to +0 cloak.
  5551 | D:6      | 5551 ||| UPGRADING to +0 plate armour.
  5561 | D:6      | 5561 ||| DROPPING +0 chain mail.
  5663 | D:6      | 5663 ||| INVOKING Heroism.
  5884 | D:6      | 5884 ||| INVOKING Heroism.
  5893 | D:6      | Reached skill level 9 in Axes
  6364 | D:6      | 6364 ||| INVOKING Heroism.
  6375 | D:6      | Reached skill level 6 in Armour
  6421 | D:6      | 6421 ||| READING 5 scrolls of identify.
  6421 | D:6      | 6421 ||| IDENTIFYING ruby potion
  6422 | D:6      | 6422 ||| DROPPING potion of invisibility.
  6521 | D:7      | Identified the +5 hand axe of Nodavviw {venom, rF++ Str-2
                  | Int+3}
  6554 | D:7      | Found a blossoming altar of Fedhas.
  6645 | D:7      | 6645 ||| Stepping ~*~*~tactically~*~*~ (stealth).
  6646 | D:7      | 6646 ||| Stepping ~*~*~tactically~*~*~ (stealth).
  6655 | D:7      | Reached skill level 1 in Throwing
  6660 | D:7      | 6660 ||| INVOKING Heroism.
  6772 | D:7      | 6772 ||| INVOKING Heroism.
  6938 | D:7      | Identified the +1 plate armour of Conscience {rElec}
  6992 | D:7      | Noticed a boulder beetle
  6993 | D:7      | 6993 ||| INVOKING Heroism.
  7008 | D:7      | 7008 ||| INVOKING Heroism.
  7028 | D:7      | HP: 2/57 [boulder beetle (32)]
  7029 | D:7      | 7029 ||| READING 5 scrolls of teleportation.
  7029 | D:7      | Mangled by a boulder beetle

Levels and vault maps discovered:
D:1:      eino_arrival_water_cross, layout_rooms
D:2:      cheibrodos_greedy_goblins, layout_basic, ebering_ecumenical_altar_rust
D:3:      layout_basic
D:4:      layout_cave_pods, mainiacjoe_overflow_six_doors_small,
          minmay_temple_entry_statues_pillars, gammafunk_ghost_split,
          serial_glass, glass_columns_c, glass_columns_a, serial_shops, shop,
          kennysheep_small_square, uniq_duvessa, uniq_ijyb
D:5:      layout_basic, dreamdust_wishing_well
D:6:      kb_forest_paths, layout_loops_corners, amethyst_killhole
D:7:      layout_gridville, fedhas_altar_decomposition, serial_bayou_ford_a,
          minmay_manual_monstrance
Temple:   nicolae_temple_bog_church

Skill      XL: |  1  2  3  4  5  6  7  8  9 |
---------------+----------------------------+-----
Axes           | 2 3 4 5 6 7 8 9 |  9.0
Fighting       | 4 5 6 7 |  7.0
Dodging        | 1 |  1.2
Armour         | 4 6 |  6.0
Invocations    | 3 4 |  4.0
Throwing       | 1 |  1.4
Shields        | 4 |  4.0

Action                     |  1- 3 |  4- 6 |  7- 9 || total
---------------------------+-------+-------+-------++-------
  Melee: War axe           |    89 |    47 |   346 ||   482
  Throw: Boomerang         |    53 |    12 |    10 ||    75
 Invoke: Heroism           |       |       |    11 ||    11
    Use: Scroll            |     6 |     6 |     6 ||    18
         Potion            |     4 |       |     2 ||     6
 Armour: Scale mail        |    52 |     5 |       ||    57
         Chain mail        |       |    23 |   116 ||   139
         Plate armour      |       |       |    68 ||    68
  Dodge: Dodged            |    34 |    15 |    88 ||   137
  Block: Buckler           |    19 |    14 |    58 ||    91

Table legend:
 A = Non-vault XP
 B = Vault XP
 C = Vault XP percentage of total XP
 D = Non-vault monster count
 E = Vault monster count
 F = Vault count percentage of total count
                 A         B        C        D         E       F
            +---------+---------+-------+---------+---------+-------
      Total |    3403 |     693 |  16.9 |     110 |      20 |  15.4
            +---------+---------+-------+---------+---------+-------
        D:1 |      15 |       0 |   0.0 |       8 |       0 |   0.0
        D:2 |      17 |      17 |  50.0 |       8 |       9 |  52.9
        D:3 |     225 |       0 |   0.0 |      19 |       0 |   0.0
        D:4 |     449 |     260 |  36.7 |      22 |       4 |  15.4
        D:5 |    1001 |       0 |   0.0 |      22 |       0 |   0.0
        D:6 |    1060 |     401 |  27.4 |      18 |       6 |  25.0
        D:7 |     636 |      15 |   2.3 |      13 |       1 |   7.1
            +---------+---------+-------+---------+---------+-------
